 Dungeon Crawl Stone Soup version 0.30-a0-393-g54b8e3be05 (webtiles) character file.

Game seed: 7669901884787430140

182 trench the Chopper (level 5, -2/44 HPs)
             Began as a Draconian Warper on Dec 5, 2022.
             Slain by a water moccasin (8 damage)
             ... on level 5 of the Dungeon.
             The game lasted 00:13:50 (2334 turns).

trench the Chopper (Draconian Warper)               Turns: 2334, Time: 00:13:50

Health: -2/44      AC: 10    Str: 16    XL:     5   Next: 34%
Magic:  3/8        EV: 11    Int: 13    God:
Gold:   111        SH:  3    Dex: 10    Spells: 6/8 levels left

rFire   . . .      SeeInvis .    a - +0 hand axe
rCold   . . .      Faith    .    j - +0 buckler
rNeg    + . .      Spirit   .    (body armour unavailable)
rPois   .          Reflect  .    (helmet restricted)
rElec   .          Harm     .    t - scarf {repulsion}
rCorr   .          Rampage  .    n - +0 pair of gloves
Will    .....                    (no boots)
Stlth   +.........               (no amulet)
HPRegen 0.27/turn                k - ring of positive energy
MPRegen 0.11/turn                q - +4 ring of protection

@: repel missiles
A: AC +5, unfitting armour, cold-blooded
a: no special abilities


You were on level 5 of the Dungeon.
You visited 1 branch of the dungeon, and saw 5 of its levels.
You also visited: Sewer.

You collected 111 gold pieces.

Inventory:

Hand Weapons
 a - a +0 hand axe (weapon)
 b - a +0 sling of flaming
 r - a +2 long sword of electrocution
Missiles
 c - 7 boomerangs of dispersal (quivered)
 f - 6 poisoned darts
 g - 30 stones
Armour
 j - a +0 buckler (worn)
 n - a +0 pair of gloves (worn)
 t - a scarf of repulsion (worn)
Jewellery
 i - a ring of ice
 k - a ring of positive energy (left hand)
 q - a +4 ring of protection (right hand)
Scrolls
 d - 4 scrolls of poison {unknown}
 e - 2 scrolls of teleportation {unknown}
 l - a scroll of enchant weapon {unknown}
 s - a scroll of amnesia {unknown}
 u - a scroll of blinking
 v - a scroll of fear {unknown}
Potions
 h - a potion of cancellation {unknown}
 m - 2 potions of ambrosia {unknown}
 o - 2 potions of magic {unknown}
 p - a potion of flight {unknown}


   Skills:
 + Level 2.9 Fighting
 * Level 4.6 Axes
 - Level 0.8 Throwing
 + Level 2.6 Dodging
 - Level 2.0 Spellcasting
 - Level 3.6 Translocations


You had 6 spell levels left.
You knew the following spells:

 Your Spells              Type           Power      Damage    Failure   Level
a - Blink                 Tloc           20%        N/A       12%         2

Your spell library contained the following spells:

 Spells                   Type           Power      Damage    Failure   Level
 Lesser Beckoning         Tloc           20%        N/A       24%         3
 Teleport Other           Tloc           10%        N/A       24%         3
 Magic Dart               Conj           4%         1d3       34%         1
 Shock                    Conj/Air       4%         1d3       34%         1
 Searing Ray              Conj           2%         2d4       45%         2
 Vhi's Electric Charge    Tloc/Air       12%        N/A       45%         3
 Manifold Assault         Tloc           10%        N/A       61%         4
 Swiftness                Air            1%         N/A       71%         3
 Airstrike                Air            0%         2d(1-17)  98%         4
 Fulminant Prism          Conj/Hex       0%         3d5       98%         4


Dungeon Overview and Level Annotations

Branches:
Dungeon (5/15)              Sewer (visited)
 Temple: D:4-7

Altars:

Annotations:
D:3 Sigmund
D:4 2 transporters, DeathPants's ghost, novice VSEn


Innate Abilities, Weirdness & Mutations

Your plain brown scales are hard. (AC +5)
You cannot fit into any form of body armour.
You are cold-blooded and may be slowed by cold attacks.


Message History

You miscast Blink.
You are very lightly contaminated with residual magic.
Nothing appears to happen.
You feel sick.
The water moccasin bites you but does no damage.
Casting: Blink (safe; 12% risk of failure)
Confirm with . or Enter, or press ? or * to list all spells.
You blink.
You feel sick.
You are no longer poisoned.
The water moccasin attacks as you move away!
The water moccasin closely misses you.
You feel stable enough to blink again.
There is a gate leading back out of this place here.
The water moccasin barely misses you. The water moccasin bites you.
You are poisoned.
The water moccasin poisons you!
Welcome back to the Dungeon!
Level annotation: 2 transporters, DeathPants's ghost, novice VSEn You feel very sick.
Your magical contamination has completely faded away.
There is a collapsed entrance here.
Casting: Blink (safe; 12% risk of failure)
Confirm with . or Enter, or press ? or * to list all spells.
You blink.
Splash!
You fall into the shallow water.
Moving in this stuff is going to be slow.
You feel sick.
You feel very sick.
You feel sick.
You feel stable enough to blink again.
You feel sick. The water moccasin closely misses you.
There is a stone staircase leading down here.
You feel sick. The water moccasin closely misses you.
You climb downwards.
You feel sick.
The gnoll shouts! x2; You hear a shout! x2
There is a stone staircase leading up here.
You feel sick.
You are no longer poisoned.
The water moccasin bites you!
You die...

# #
...#######g##
#.........g###
#..@S......
#.####..### ..
g.. #.# . #


You could see a water moccasin, a gnoll bouda and 2 gnolls.

Vanquished Creatures
  A necrophage (D:4)
  3 adders
  A worm (D:3)
  3 dart slugs (D:1)
  8 orcs
  9 endoplasms
  A giant cockroach (D:1)
  10 goblins
  7 hobgoblins
  4 jackals (D:1)
  3 quokkas
  3 ball pythons
  10 bats
  2 frilled lizards (D:2)
  6 kobolds
  A rat (D:2)
72 creatures vanquished.

Notes
Turn   | Place    | Note
-------+----------+-------------------------------------------
     0 | D:1      | trench the Draconian Warper began the quest for the Orb.
     0 | D:1      | Reached XP level 1. HP: 17/17 MP: 3/3
   102 | D:1      | Reached XP level 2. HP: 21/24 MP: 5/5
   314 | D:1      | Reached skill level 3 in Axes
   325 | D:1      | Reached XP level 3. HP: 18/29 MP: 6/6
   861 | D:2      | Learned a level 2 spell: Blink
  1147 | D:2      | Reached XP level 4. HP: 36/36 MP: 7/7
  1430 | D:3      | Noticed Sigmund
  1690 | D:3      | Reached skill level 4 in Axes
  1979 | D:4      | Found a transporter.
  1979 | D:4      | Noticed an ogre
  1980 | D:4      | Noticed an ogre
  1980 | D:4      | Noticed DeathPants's ghost (novice VSEn)
  1981 | D:4      | Found a transporter.
  2071 | D:4      | Noticed a necrophage
  2092 | D:4      | Killed a necrophage
  2093 | D:4      | Reached XP level 5. HP: 21/44 MP: 8/8
  2241 | D:4      | Found a glowing drain.
  2261 | Sewer    | Entered a sewer
  2307 | Sewer    | Noticed a water moccasin
  2333 | D:5      | Entered Level 5 of the Dungeon
  2334 | D:5      | Slain by a water moccasin

Illustrated notes

Levels and vault maps discovered:
D:1:      dpeg_arrival_tiny_e, layout_loops_cross
D:2:      layout_loops_ring
D:3:      layout_basic, ebering_dispersal_statue_hall, uniq_robin, uniq_sigmund
D:4:      layout_loops_ring, portal_sewer_entry_d, gammafunk_ghost_smash
D:5:      layout_loops_ring, mainiacjoe_overflow_24_doors,
          minmay_temple_entry_statues, skrybe_limestone_x

Skill      XL: |  1  2  3  4 |
---------------+-------------+-----
Axes           | 3 4 |  4.6
Fighting       | |  2.9
Throwing       | |  0.8
Dodging        | |  2.6
Spellcasting   | |  2.0
Translocations | |  3.6

Action                   |  1- 3 |  4- 6 || total
-------------------------+-------+-------++-------
Melee: Hand axe          |   139 |   125 ||   264
       Tailslap          |    16 |    13 ||    29
       Punch             |     1 |       ||     1
 Fire: Sling             |       |    12 ||    12
 Cast: Blink             |       |     2 ||     2
 Stab: Sleeping          |       |     1 ||     1
Armor: Skin              |    56 |    61 ||   117
Dodge: Dodged            |   103 |    63 ||   166
Block: Buckler           |     5 |    16 ||    21

Table legend: (Time is in decaauts)
 A = Elapsed time spent in this place.
 B = Non-inter-level travel time spent in this place.
 C = Inter-level travel time spent in this place.
 D = Time resting spent in this place.
 E = Time spent auto-exploring this place.
 F = Levels seen in this place.
 G = Mean time per level.
                   A        B        C        D        E       F      G
               +--------+--------+--------+--------+--------+-----+--------+
         Total |   2388 |   2003 |    385 |     27 |   1273 |   6 |  398.0 |
       Dungeon |   2319 |   1934 |    385 |     27 |   1273 |   5 |  463.8 |
         Sewer |     68 |     68 |      0 |      0 |      0 |   1 |   68.0 |
               +--------+--------+--------+--------+--------+-----+--------+

Top non-repeatable levels by time:
     D:1: 823 daAuts
     D:2: 644 daAuts
     D:3: 503 daAuts
     D:4: 347 daAuts
   Sewer: 68 daAuts
     D:5: 0 daAuts
